 Dungeon Crawl Stone Soup version 0.28.0-49-g6dfe1f597d (console) character file.

Game seed: 3600928365386823909

28222 Faeu the Severer (level 13, -7/181 (190) HPs)
             Began as a Minotaur Berserker on May 16, 2022.
             Was a High Priest of Trog.
             Mangled by an orc knight
             ... wielding a +0 broad axe
              (24 damage)
             ... on level 2 of the Orcish Mines.
             The game lasted 01:24:51 (21955 turns).

Faeu the Severer (Minotaur Berserker)              Turns: 21955, Time: 01:24:52

HP:   -7/181 (190)  AC: 14    Str: 28    XL:     13   Next: 8%
MP:   12/12         EV: 12    Int:  4    God:    Trog [*****.]
Gold: 1251          SH:  0    Dex:  9    Spells: 12/12 levels left

rFire   + . .      SeeInvis .   a - +3 dire flail {mace}
rCold   . . .      Faith    +   (shield currently unavailable)
rNeg    . . .      Spirit   .   D - +0 plate armour
rPois   .          Reflect  .   (helmet restricted)
rElec   .          Harm     .   Z - +0 cloak
rCorr   .          Rampage  .   S - +0 pair of gloves
Will    +....                   W - +0 pair of boots
Stlth   ..........              u - amulet of faith {!P}
HPRegen 0.40/turn               v - ring of protection from fire
MPRegen 0.13/turn               w - ring of Accord {Will+ EV+4}

@: berserking, corroded, lightly drained, very quick
A: horns 2, retaliatory headbutt
a: Renounce Religion, Berserk, Trog's Hand, Brothers in Arms


You were on level 2 of the Orcish Mines.
You worshipped Trog.
Trog was extremely pleased with you.
You visited 3 branches of the dungeon, and saw 16 of its levels.
You also visited: Bailey.

You collected 1251 gold pieces.


Innate Abilities, Weirdness & Mutations

You have a pair of horns on your head.
You reflexively headbutt those who attack you in melee.


   Skills:
 + Level 15.2 Fighting
 - Level 20.0 Axes
 + Level 8.9 Armour
 - Level 3.2 Dodging


You had 12 spell levels left.
You didn't know any spells.
Your spell library contained the following spells:

 Spells                   Type           Power      Damage    Failure   Level
 Ensorcelled Hibernation  Hex/Ice        0%         N/A       100%        2
 Static Discharge         Conj/Air       0%         N/A       100%        2
 Sublimation of Blood     Necr           0%         N/A       100%        2
 Wereblood                Tmut           0%         N/A       100%        2
 Spider Form              Tmut/Pois      0%         N/A       100%        3
 Anguish                  Hex/Necr       0%         N/A       100%        4
 Dispel Undead            Necr           0%         3d6       100%        4
 Petrify                  Tmut/Erth      0%         N/A       100%        4
 Sticky Flame             Conj/Fire      0%         2d3       100%        4
 Irradiate                Conj/Tmut      0%         3d14      100%        5
 Summon Hydra             Summ           0%         N/A       100%        7

Inventory:

Hand Weapons
 a - a +3 dire flail (weapon) {mace}
   (You took it off a two-headed ogre on level 10 of the Dungeon)
 b - the +6 arbalest "Daotudul" {vorpal, Int+2, crossbow}
   (You found it on level 11 of the Dungeon)

   Any ammunition fired from it inflicts extra damage upon your enemies.
   Int:       It affects your intelligence (+2).
 k - a +0 broad axe {axe}
   (You found it on level 12 of the Dungeon)
 l - a +3 scimitar of flaming {long}
   (You took it off Azrael on level 13 of the Dungeon)
 n - a +0 dagger of protection {short}
   (You found it on level 2 of the Dungeon)
 C - a +1 whip of flaming {mace}
   (You took it off Pikel on level 6 of the Dungeon)
 X - a +0 battleaxe {axe}
   (You took it off a death knight on level 11 of the Dungeon)
Missiles
 x - 4 javelins {throwing}
 E - 20 boomerangs (quivered) {throwing}
 I - 4 atropa-tipped darts {throwing}
 M - 7 poisoned darts {throwing}
 N - a curare-tipped dart {=fthrowing}
 U - 73 bolts
Armour
 y - the +0 leather armour "Uschy" {SInv}
   (You found it on level 11 of the Dungeon)

   SInv:      It lets you see invisible.
 B - the +1 robe "Milimyutre" {rElec rPois rN+++ Int-2}
   (You found it on level 6 of the Dungeon)

   Int:       It affects your intelligence (-2).
   rElec:     It insulates you from electricity.
   rPois:     It protects you from poison.
   rN:        It renders you almost immune to negative energy.
 D - a +0 plate armour (worn)
   (You took it off an orc warrior on level 7 of the Dungeon)
 S - a +0 pair of gloves (worn)
   (You found it on level 11 of the Dungeon)
 T - a +0 buckler
   (You took it off a tengu conjurer on level 12 of the Dungeon)
 W - a +0 pair of boots (worn)
   (You found it on level 10 of the Dungeon)
 Z - a +0 cloak (worn)
   (You took it off Maurice on level 12 of the Dungeon)
Jewellery
 m - a +4 ring of evasion
   (You found it on level 9 of the Dungeon)
 r - a ring of ice
   (You found it on level 3 of the Dungeon)
 u - an amulet of faith (around neck) {!P}
   (You found it on level 9 of the Dungeon)
 v - a ring of protection from fire (left hand)
   (You found it on level 4 of the Dungeon)
 w - the ring of Accord (right hand) {Will+ EV+4}
   (You found it on level 4 of the Dungeon)

   [ring of evasion]

   EV:        It affects your evasion (+4).
   Will:      It increases your willpower.
 Q - a +6 ring of dexterity
   (You found it on level 8 of the Dungeon)
Wands
 j - a wand of polymorph (3)
   (You found it on level 9 of the Dungeon)
 V - a wand of acid (6)
   (You found it on level 10 of the Dungeon)
Scrolls
 c - 6 scrolls of magic mapping {!r}
 d - 6 scrolls of teleportation {@r4}
 f - 2 scrolls of blinking {!r}
 g - a scroll of fog {unknown}
 h - 2 scrolls of summoning
 i - 3 scrolls of fear
 p - 3 scrolls of holy word
 H - a scroll of enchant weapon {unknown}
 L - a scroll of acquirement
 O - a scroll of brand weapon {unknown}
 P - 3 scrolls of torment {!r}
 R - 2 scrolls of immolation {unknown}
 Y - a scroll of identify {@r1}
Potions
 e - 7 potions of curing {@q1}
 o - a potion of cancellation {unknown}
 q - 2 potions of haste {unknown}
 s - 4 potions of attraction {!q}
 t - 5 potions of might
 z - 2 potions of brilliance {unknown}
 A - 2 potions of resistance
 F - 2 potions of flight {unknown}
 G - 2 potions of lignification {unknown}
 J - 2 potions of mutation {unknown}
 K - 3 potions of invisibility {unknown}

Dungeon Overview and Level Annotations

Branches:
Dungeon (13/15)            Temple (0/1) D:6            Lair (1/6) D:10
    Orc (2/2) D:12            Elf (0/3) Orc:2        Bailey (visited)
 Vaults: D:13-14

Altars:
Cheibriados
Dithmenos
Makhleb
Trog
Wu Jian
Yredelemnul
Zin

Shops:
D:7 *

Portals:
Trove: D:10 (give +4 storm dragon scales)

Annotations:
D:3 1 runed translucent door, Crazy Yiuf
D:13 Erolcha
Lair:1 exclusion: oklob plant

.............).##
##......#.
.............###
#......#.
............)#
.............# ☼....
.............# .....
.............## ÷.3÷.÷
.........#....# .÷...#
.........##..)## #.oo.#
..........#...)##o.o..#
..........##...)3oo3#
.......... ##..4@oo##
......... ##..4###
........ #####


You could see 3 orc knights, a soul eater (summoned), an orc high priest
(strong), 2 sun demons, an ice devil (summoned), a rust devil (summoned), 2 orc
sorcerers, an orc warrior (strong) and an orc priest (strong).


Message History

The orc knight roars a battlecry!
The orcs go into a battle-frenzy!
The orc high priest barely misses you. You furiously retaliate!
You headbutt the orc high priest. You closely miss the orc high priest.
The orc warrior barely misses you.
You impale the orc high priest!!
You kill the orc high priest!
Trog accepts your kill.
The orc warrior throws a boomerang.
The boomerang misses you.
You impale the orc high priest!!
The orc high priest invokes the aid of Beogh against you.
You easily resist.
An orc warrior comes into view. It is wielding a +0 scimitar.
You impale the orc high priest!! The orc warrior closely misses you.
The sun demon hits you.
You are engulfed in flames!
You resist.
The orc high priest hits you with a +0 mace.
An orc priest comes into view. It is wielding a +0 short sword.
The orc knight roars a battlecry!
You hear a shout! 😕 HP[-19]
You take 19 damage, and now have 100/126 hp.
You closely miss the orc high priest.
Your headbutt misses the orc high priest.
The sun demon hits you but does no damage.
You bludgeon the orc high priest!!
You kill the orc high priest!
Trog accepts your kill. The sun demon hits you!!
You are engulfed in flames.
You resist. 😮 HP[-26]
You take 26 damage, and now have 74/126 hp.
MASSIVE DAMAGE!! (PAUSE)
An orc sorcerer and an orc come into view.
The orc shouts!
The orange demon stings you but does no damage.
The sun demon hits you.
You are engulfed in flames!
You resist. The rust devil hits you.
* * * LOW HITPOINT WARNING * * *
The rust devil corrodes you!
The orc sorcerer hits you with a +0 dagger.
* * * LOW HITPOINT WARNING * * *
Things that are here:
a +0 mace {mace}; a +0 leather armour; 😨 HP[-20]
You take 20 damage, and now have 54/126 hp.
A red film seems to cover your vision as you go berserk!
You feel yourself moving faster!
You feel mighty!
The orc warrior hits you with a +0 halberd!
* * * LOW HITPOINT WARNING * * *
The orange demon barely misses you. The sun demon hits you!
* * * LOW HITPOINT WARNING * * *
You are engulfed in flames!
You resist.
* * * LOW HITPOINT WARNING * * *
The rust devil completely misses you. You furiously retaliate!
You headbutt the rust devil!
The orc sorcerer hits you but does no damage. 😨 HP[+2]
You now have 189 max hp (+63).
You regained 2 hp, and now have 56/189 hp.
You barely miss the orc sorcerer.
You headbutt the orc sorcerer, but do no damage.
The orc warrior closely misses you. The orange demon barely misses you.
The sun demon misses you. You furiously retaliate!
You headbutt the sun demon, but do no damage.
You puncture the orc sorcerer!
The orc sorcerer casts a spell.
The rust devil misses you.
You bludgeon the orc sorcerer!!
You kill the orc sorcerer!
Trog accepts your kill.
Trog appreciates your killing of a magic user.
The orange demon disappears in a puff of smoke!
The orc sorcerer gestures wildly while chanting.
The orc warrior barely misses you. You furiously retaliate!
You headbutt the orc warrior, but do no damage.
The sun demon misses you. You furiously retaliate!
You headbutt the sun demon. 😨 HP[+1]
You now have 190 max hp (+1).
You impale the orc warrior!!
You kill the orc warrior!
Trog accepts your kill.
The orc high priest calls upon Beogh to heal the orc knight.
The orc knight is healed somewhat.
The orc sorcerer gestures at you while chanting.
The bolt of negative energy hits you!!!
You feel drained.
* * * LOW HITPOINT WARNING * * *
The bolt of negative energy hits the rust devil.
The rust devil completely resists. 😱 HP[-40]
You now have 181 max hp (-9).
You take 40 damage, and now have 17/181 hp.
MASSIVE DAMAGE!! (PAUSE)
You barely miss the orc knight. You headbutt the orc knight!
The ice devil closely misses you. The rust devil hits you.
The rust devil corrodes you!
The orc sorcerer gestures wildly while chanting.
The sun demon hits you but does no damage.
You are too berserk!
You puncture the orc knight!
The orc knight hits you with a +0 broad axe!!
You die...

Skill      XL: |  1  2  3  4  5  6  7  8  9 10 11 12 |
---------------+-------------------------------------+-----
Axes           | 4 5 6 8 10 12 13 17 20 | 20.0
Fighting       | 4 5 6 8 10 12 14 15 | 15.2
Armour         | 3 6 8 |  8.9
Dodging        | 3 |  3.2

Action                   |  1- 3 |  4- 6 |  7- 9 | 10-12 | 13-15 || total
-------------------------+-------+-------+-------+-------+-------++-------
Melee: Hand axe          |    65 |    19 |       |       |       ||    84
       Headbutt          |     7 |    39 |    90 |   150 |     3 ||   289
       Dagger            |       |   166 |   265 |    10 |       ||   441
       Punch             |       |     1 |    10 |     7 |       ||    18
       Whip              |       |       |   166 |   346 |       ||   512
       Dire flail        |       |       |       |   138 |    16 ||   154
       Broad axe         |       |       |       |   144 |       ||   144
 Fire: Arbalest          |       |       |       |    20 |       ||    20
Throw: Boomerang         |       |       |    15 |     2 |       ||    17
Invok: Berserk           |     1 |     1 |     7 |    22 |     1 ||    32
  Use: Scroll            |       |       |     2 |    13 |       ||    15
       Potion            |       |       |       |     2 |       ||     2
 Stab: Sleeping          |       |     1 |       |       |       ||     1
Armor: Animal skin       |    29 |    28 |    10 |       |       ||    67
       Chain mail        |       |       |    26 |       |       ||    26
       Plate armour      |       |       |    78 |   275 |     5 ||   358
Dodge: Dodged            |    51 |   165 |   312 |   326 |    17 ||   871

Levels and vault maps discovered:
D:1:      co_arrival_square_in_a_square_in_a_square, layout_basic
D:2:      layout_basic, kennysheep_generic_room_15
D:3:      layout_rooms, dk_yredelemnul_ordeal, uniq_crazy_yiuf_cottage
D:4:      layout_layer_cave, nicolae_wu_jian_immortal_techniques,
          trog_butcher_becter, minmay_misc_feat_cross
D:5:      layout_loops_corners, grunt_dithmenos_shadows
D:6:      layout_cave_pools, minmay_temple_entry_grid, uniq_blork_the_orc,
          uniq_pikel, uniq_prince_ribbit1
D:7:      layout_gridville, bloody_makhleb, mainiacjoe_overflow_catch_the_wave,
          st_stairs_2, nicolae_island_escapes
D:8:      layout_basic, enter_bailey_6
D:9:      layout_cave_pods
D:10:     layout_roguey, dpeg_oklobed_lair, nicolae_trove_entry_crystal,
          minmay_hedge_maze, minmay_misc_feat_square, uniq_fannar
D:11:     layout_stronghold
D:12:     layout_stronghold, orc_david_3, kennysheep_generic_room_9,
          uniq_maurice
D:13:     layout_big_octagon, david_vaults_4, uniq_erolcha, uniq_nessos,
          uniq_azrael
Lair:1:   layout_roguey, chequers_serial_rivers_micro_b,
          nicolae_lair_grove_arrangements, grunt_forest_small_clearings,
          dpeg_stationary_puzzle, grunt_megastairs_5, serial_bayou_shore_b,
          uniq_urug
Orc:1:    layout_caves
Orc:2:    grunt_orc_tribal_feast, layout_caves, biasface_ghost_orc_armoury

Notes
Turn   | Place    | Note
-------+----------+-------------------------------------------
     0 | D:1      | Faeu the Minotaur Berserker began the quest for the Orb.
     0 | D:1      | Reached XP level 1. HP: 19/19 MP: 0/0
     0 | D:1      | magus.rc [v1.9.6]
   302 | D:1      | Reached XP level 2. HP: 27/27 MP: 1/1
   716 | D:1      | Reached skill level 4 in Axes
   721 | D:1      | Reached skill level 4 in Fighting
   905 | D:1      | Reached skill level 3 in Armour
   912 | D:1      | Reached ** piety under Trog
  1016 | D:2      | Reached XP level 3. HP: 32/33 MP: 2/2
  1025 | D:2      | You pick up a book of Touch {forbidden} and begin
                  | reading...
  1025 | D:2      | You add the spells Static Discharge, Sticky Flame and
                  | Dispel Undead to your library.
  1048 | D:2      | HP: 12/49 [hound (4)]
  1050 | D:2      | Reached skill level 3 in Dodging
  1326 | D:2      | Reached XP level 4. HP: 32/40 MP: 3/3
  2171 | D:3      | You pick up a book of Alchemy {forbidden} and begin
                  | reading...
  2171 | D:3      | You add the spells Sublimation of Blood, Petrify and
                  | Irradiate to your library.
  2450 | D:3      | Reached XP level 5. HP: 47/47 MP: 4/4
  2527 | D:3      | Found a runed translucent door.
  2527 | D:3      | Noticed a human
  2540 | D:3      | Reached skill level 5 in Fighting
  2540 | D:3      | Reached skill level 5 in Axes
  2541 | D:3      | Found a basalt altar of Yredelemnul.
  2767 | D:3      | Found a runed translucent door.
  2768 | D:3      | Noticed Crazy Yiuf
  2913 | D:4      | Reached *** piety under Trog
  3172 | D:4      | Found an ornate altar of the Wu Jian Council.
  3185 | D:4      | Reached XP level 6. HP: 53/57 MP: 5/5
  3587 | D:4      | Reached skill level 6 in Fighting
  3587 | D:4      | Reached skill level 6 in Axes
  3588 | D:4      | Identified the ring of Accord {Will+ EV+4}
  3601 | D:4      | Found a bloodstained altar of Trog.
  4201 | D:5      | Entered Level 5 of the Dungeon
  4248 | D:5      | Reached XP level 7. HP: 61/64 MP: 6/6
  4396 | D:5      | Reached skill level 7 in Fighting
  4396 | D:5      | Reached skill level 7 in Axes
  5162 | D:5      | Reached skill level 8 in Fighting
  5162 | D:5      | Reached skill level 8 in Axes
  5265 | D:5      | Found a shadowy altar of Dithmenos.
  5449 | D:6      | Identified the +1 robe "Milimyutre" {rElec rPois rN+++
                  | Int-2}
  5471 | D:6      | Reached XP level 8. HP: 75/75 MP: 7/7
  5482 | D:6      | Noticed Blork the orc
  5489 | D:6      | Killed Blork the orc
  5611 | D:6      | Noticed Pikel
  5732 | D:6      | Killed Pikel
  5733 | D:6      | Reached skill level 9 in Fighting
  5733 | D:6      | Reached skill level 9 in Axes
  5892 | D:6      | Found a staircase to the Ecumenical Temple.
  5938 | D:6      | Reached **** piety under Trog
  5939 | D:6      | Reached skill level 10 in Fighting
  5939 | D:6      | Reached skill level 10 in Axes
  6193 | D:6      | Noticed Prince Ribbit
  6304 | D:7      | Reached XP level 9. HP: 85/85 MP: 8/8
  6401 | D:6      | Killed Prince Ribbit
  6593 | D:7      | Reached skill level 11 in Axes
  6671 | D:7      | Reached skill level 11 in Fighting
  6753 | D:7      | Found a snail-covered altar of Cheibriados.
  6788 | D:7      | Found a glowing silver altar of Zin.
  7107 | D:7      | You pick up a book of Blood {forbidden} and begin
                  | reading...
  7107 | D:7      | You add the spells Wereblood and Summon Hydra to your
                  | library.
  7120 | D:7      | Found a burning altar of Makhleb.
  7344 | D:7      | Found Uhemob's Island Escapes.
  7490 | D:8      | Found a flagged portal.
  7544 | Bailey   | Entered a bailey
  7570 | Bailey   | Noticed an orc warlord
  7770 | Bailey   | Found a runed translucent gate.
  7771 | Bailey   | Found a runed translucent gate.
  7772 | Bailey   | Found a runed translucent gate.
  7794 | Bailey   | Reached skill level 12 in Fighting
  7794 | Bailey   | Reached skill level 12 in Axes
  8191 | D:8      | You pick up a book of Dreams {forbidden} and begin
                  | reading...
  8191 | D:8      | You add the spells Ensorcelled Hibernation, Spider Form and
                  | Anguish to your library.
  8842 | D:8      | Reached XP level 10. HP: 53/99 MP: 9/9
  9701 | D:9      | Reached skill level 13 in Fighting
  9701 | D:9      | Reached skill level 13 in Axes
 10746 | D:10     | Entered Level 10 of the Dungeon
 10750 | D:10     | Noticed an oklob plant
 10778 | D:10     | Reached skill level 4 in Armour
 10855 | D:10     | Found a staircase to the Lair.
 10876 | D:10     | Noticed a two-headed ogre
 10931 | D:11     | Identified the +6 arbalest "Daotudul" {vorpal, Int+2}
 10984 | D:11     | Identified the +0 leather armour "Uschy" {SInv}
 11017 | D:11     | Noticed a centaur warrior
 11018 | D:11     | Noticed a death knight
 11025 | D:11     | HP: 16/101 [centaur warrior/arrow (16)]
 11400 | D:12     | Noticed Maurice
 11418 | D:12     | Killed Maurice
 11419 | D:12     | Reached skill level 5 in Armour
 11436 | D:12     | HP: 25/102 [something (4)]
 11450 | D:12     | HP: 25/102 [komodo dragon (3)]
 11454 | D:12     | HP: 10/102 [komodo dragon (14)]
 11777 | D:12     | Reached skill level 14 in Fighting
 12017 | D:12     | Reached skill level 6 in Armour
 12148 | D:12     | Found a staircase to the Orcish Mines.
 12240 | D:12     | Noticed a six-headed hydra
 12459 | D:12     | Reached XP level 11. HP: 110/110 MP: 10/10
 13270 | D:11     | Reached skill level 14 in Axes
 13370 | D:10     | Noticed Fannar
 13383 | D:10     | Killed Fannar
 13970 | D:10     | Reached skill level 15 in Axes
 14171 | D:10     | Killed a two-headed ogre
 14382 | D:10     | Found a portal to a secret trove of treasure.
 14390 | D:10     | This trove needs +4 storm dragon scales to function. Give
                  | it the item?
 14804 | D:10     | Killed an oklob plant
 15125 | D:11     | Killed a centaur warrior
 15126 | D:11     | Reached skill level 16 in Axes
 15881 | Lair:1   | Entered Level 1 of the Lair of Beasts
 15881 | Lair:1   | Noticed an oklob plant
 16040 | D:11     | HP: 23/110 [??? (20)]
 16043 | D:11     | HP: 6/165 [death knight/+0 battleaxe (31)]
 16045 | D:11     | Killed a death knight
 16743 | D:12     | Reached skill level 17 in Axes
 16824 | D:12     | Noticed an orc knight
 16835 | D:12     | Killed an orc knight
 17122 | D:12     | Noticed a tengu warrior
 17125 | D:12     | Killed a six-headed hydra
 17220 | D:13     | Noticed a centaur warrior
 17225 | D:13     | Killed a centaur warrior
 17226 | D:13     | Reached XP level 12. HP: 74/117 MP: 11/11
 17227 | D:13     | Noticed a two-headed ogre
 17234 | D:13     | Killed a two-headed ogre
 17235 | D:13     | Reached skill level 18 in Axes
 17381 | D:13     | Noticed a centaur warrior
 17391 | D:13     | Killed a centaur warrior
 17574 | D:12     | Killed a tengu warrior
 18276 | D:13     | Noticed Azrael
 18294 | D:13     | Killed Azrael
 18295 | D:13     | Reached skill level 19 in Axes
 18487 | D:13     | Noticed Nessos
 18493 | D:13     | Noticed a centaur warrior
 18493 | D:13     | Noticed a centaur warrior
 18494 | D:13     | Killed a centaur warrior
 18495 | D:13     | Killed a centaur warrior
 18498 | D:13     | Killed Nessos
 18528 | D:13     | Noticed Erolcha
 18850 | D:13     | Reached skill level 20 in Axes
 19466 | Orc:1    | Entered Level 1 of the Orcish Mines
 19466 | Orc:1    | Noticed an orc warlord
 19753 | D:12     | Reached skill level 7 in Armour
 19918 | D:12     | Killed an orc warlord
 20430 | Orc:2    | Entered Level 2 of the Orcish Mines
 20666 | Orc:2    | Found a staircase to the Elven Halls.
 20768 | Orc:2    | Reached skill level 8 in Armour
 21478 | Orc:2    | Reached ***** piety under Trog
 21919 | Orc:2    | Reached skill level 15 in Fighting
 21933 | Orc:2    | Reached XP level 13. HP: 116/126 MP: 12/12
 21935 | Orc:2    | Received a gift from Trog
 21953 | Orc:2    | HP: 17/180 [orc sorcerer/bolt of negative energy (40)]
 21955 | Orc:2    | Mangled by an orc knight

Vanquished Creatures
  An orc warlord (D:12)
  Azrael (D:13)
  Fannar (D:10)
  4 centaur warriors
  A hydra (D:12)
  A death knight (D:11)
  A tengu warrior (D:12)
  2 two-headed ogres
  2 orc high priests (Orc:2)
  2 orc knights
  Pikel (D:6)
  An oklob plant (D:10)
  2 cyclopes
  An orc sorcerer (Orc:2)
  2 ugly things (D:13)
  A manticore (D:12)
  Maurice (D:12)
  An unseen horror (D:12)
  2 freezing wraiths (D:10)
  A kobold demonologist (D:13)
  A tengu conjurer (D:12)
  2 komodo dragons (D:12)
  A troll (Orc:2)
  Prince Ribbit (D:6)
  A shadow (D:12)
  A vampire (D:9)
  6 wraiths
  A wyvern (D:8)
  12 yaks
  4 fire elementals (D:13)
  A steam dragon (D:9)
  A warg (Orc:2)
  6 vampire mosquitoes
  A water moccasin (shapeshifter) (D:13)
  An acid dragon (D:12)
  2 hell hounds (D:13)
  3 water moccasins
  26 orc warriors
  An ice beast (D:7)
  A hornet zombie (D:8)
  2 sky beasts (D:7)
  2 necrophages (D:7)
  9 centaurs
  9 ogres
  4 lemures (D:5)
  2 kobold brigands
  3 phantoms (D:5)
  Blork the orc (D:6)
  2 bullfrogs
  A wyvern zombie (D:9)
  A gnoll sergeant (D:8)
  3 scorpions
  3 killer bees (D:11)
  4 howler monkeys
  7 orc priests
  5 hounds
  A jelly (D:6)
  A gnoll shaman (D:7)
  2 centaur zombies
  3 iguanas
  A human skeleton (D:3)
  14 orc wizards
  A killer bee zombie (D:6)
  A hound zombie (D:5)
  2 hound skeletons
  6 gnolls
  4 adders
  A howler monkey skeleton (D:6)
  4 white imps
  An ufetubus (D:3)
  2 worms (D:2)
  4 dart slugs
  53 orcs
  7 bats
  10 endoplasms
  2 giant cockroaches (D:3)
  9 goblins
  5 hobgoblins
  13 jackals
  2 quokkas (D:4)
  6 ball pythons
  4 frilled lizards
  32 kobolds
  7 rats
  A bush (D:10)
359 creatures vanquished.

Vanquished Creatures (others)
  Nessos (D:13)
  A centaur warrior (D:13)
  An orc priest (Orc:2)
  11 plants (D:10)
14 creatures vanquished.

Grand Total: 373 creatures vanquished

Table legend:
 A = Non-vault XP
 B = Vault XP
 C = Vault XP percentage of total XP
 D = Non-vault monster count
 E = Vault monster count
 F = Vault count percentage of total count
                 A         B        C        D         E       F
            +---------+---------+-------+---------+---------+-------
      Total |   28379 |   11939 |  29.6 |     289 |      66 |  18.6
            +---------+---------+-------+---------+---------+-------
        D:1 |      55 |       0 |   0.0 |      26 |       0 |   0.0
        D:2 |     102 |       0 |   0.0 |      25 |       0 |   0.0
        D:3 |      44 |      37 |  45.7 |      17 |       1 |   5.6
        D:4 |     308 |       8 |   2.5 |      20 |       4 |  16.7
        D:5 |     761 |     107 |  12.3 |      17 |       1 |   5.6
        D:6 |     437 |     980 |  69.2 |       7 |       3 |  30.0
        D:7 |    1137 |     159 |  12.3 |      21 |       2 |   8.7
        D:8 |    2145 |       0 |   0.0 |      34 |       0 |   0.0
        D:9 |    1286 |       0 |   0.0 |      13 |       0 |   0.0
       D:10 |    4625 |    1450 |  23.9 |      27 |       2 |   6.9
       D:11 |    2340 |       0 |   0.0 |      10 |       0 |   0.0
       D:12 |    7359 |    2085 |  22.1 |      37 |       8 |  17.8
       D:13 |    5507 |    3138 |  36.3 |      12 |       9 |  42.9
      Orc:1 |     948 |       0 |   0.0 |       6 |       0 |   0.0
      Orc:2 |    1325 |    3526 |  72.7 |      17 |      19 |  52.8
     Bailey |       0 |     449 | 100.0 |       0 |      17 | 100.0
            +---------+---------+-------+---------+---------+-------

Illustrated notes

Table legend:
 A = Kills in this place as a percentage of kills in entire the game.
 B = Kills by you in this place as a percentage of kills by you in the entire game.
 C = Kills by friends in this place as a percentage of kills by friends in the entire game.
 D = Other kills in this place as a percentage of other kills in the entire game.
 E = Experience gained in this place as a percentage of experience gained in the entire game.
 F = Experience gained in this place divided by the number of levels of this place that you have seen.
                   A       B       C       D       E      F
               +-------+-------+-------+-------+-------+----------------------
         Total | 100.0 | 100.0 |   N/A | 100.0 | 100.0 | 2371.6
       Dungeon |  83.4 |  83.3 |   N/A | 100.0 |  84.5 | 2620.8
  Orcish Mines |  11.8 |  11.9 |   N/A |   0.0 |  14.4 | 2899.5
        Bailey |   4.8 |   4.8 |   N/A |   0.0 |   1.1 | 449.0
               +-------+-------+-------+-------+-------+----------------------

Table legend: (Time is in decaauts)
 A = Elapsed time spent in this place.
 B = Non-inter-level travel time spent in this place.
 C = Inter-level travel time spent in this place.
 D = Time resting spent in this place.
 E = Time spent auto-exploring this place.
 F = Levels seen in this place.
 G = Mean time per level.
                   A        B        C        D        E       F      G
               +--------+--------+--------+--------+--------+-----+--------+
         Total |  22111 |  21294 |    817 |   7289 |   8614 |  17 | 1300.6 |
       Dungeon |  19709 |  18909 |    800 |   6166 |   8059 |  13 | 1516.1 |
          Lair |     14 |     14 |      0 |      0 |      0 |   1 |   14.0 |
  Orcish Mines |   1733 |   1716 |     17 |    902 |    353 |   2 |  866.5 |
        Bailey |    654 |    654 |      0 |    221 |    202 |   1 |  654.0 |
               +--------+--------+--------+--------+--------+-----+--------+

Top non-repeatable levels by time:
    D:12: 4442 daAuts
    D:10: 2560 daAuts
    D:11: 1835 daAuts
     D:8: 1572 daAuts
     D:5: 1408 daAuts
     D:4: 1376 daAuts
   Orc:2: 1302 daAuts
     D:9: 1129 daAuts
     D:1: 1092 daAuts
     D:2: 1014 daAuts
     D:7: 976 daAuts
     D:6: 867 daAuts
     D:3: 731 daAuts
    D:13: 701 daAuts
  Bailey: 654 daAuts
